 Dungeon Crawl Stone Soup version 0.30-a0-956-gcec3b41aec (webtiles) character file.

Game seed: 16299517587172775351

5292 BlueFish the Covert (level 10, -1/66 HPs)
             Began as an Octopode Warper on Mar 30, 2023.
             Was a High Priest of Cheibriados.
             Hit by a large rock thrown by a cyclops (40 damage)
             ... on level 9 of the Dungeon.
             The game lasted 00:19:21 (9207 turns).

BlueFish the Covert (Octopode Warper)               Turns: 9207, Time: 00:19:22

Health: -1/66      AC:  1    Str: 28    XL:     10   Next: 63%
Magic:  17/17      EV: 17    Int: 26    God:    Cheibriados [*****.]
Gold:   457        SH:  0    Dex: 23    Spells: 12/19 levels left

rFire   + . .      SeeInvis .    r - +2 flail (protect)
rCold   + . .      Faith    .    (no shield)
rNeg    + . .      Spirit   .    (helmet restricted)
rPois   .          Reflect  .    o - amulet of the acrobat
rElec   .          Rampage  .    u - ring of protection from fire
rCorr   .                        G - ring "Ollimase" {Drain rC+ rN+ Str+2}
Will    .....                    (no ring)
Stlth   ++++++                   (no ring)
HPRegen 0.31/turn                (no ring)
MPRegen 0.15/turn                (no ring)
                                 (no ring)
                                 (no ring)

@: very slow
A: almost no armour, amphibious, 8 rings, camouflage 1, gelatinous body 1,
(nimble swimmer 1), tentacles
a: Renounce Religion, Bend Time, Temporal Distortion, Slouch, Step From Time


You were on level 9 of the Dungeon.
You worshipped Cheibriados.
Cheibriados was extremely pleased with you.
You visited 2 branches of the dungeon, and saw 10 of its levels.

You collected 457 gold pieces.

Inventory:

Hand Weapons
 g - a +0 whip
 p - a +0 flail
 r - a +2 flail of protection (weapon)
Missiles
 b - 7 boomerangs of dispersal
 c - 6 atropa-tipped darts
 f - 110 stones (quivered)
 s - 16 poisoned darts
 E - 5 boomerangs
 F - 5 curare-tipped darts
Jewellery
 o - an amulet of the acrobat (around mantle)
 u - a ring of protection from fire (left tentacle)
 w - an amulet of guardian spirit
 G - the ring "Ollimase" (right tentacle) {Drain rC+ rN+ Str+2}
   (You found it on level 7 of the Dungeon)

   [ring of protection from cold]

   Str:       It affects your strength (+2).
   rC:        It protects you from cold.
   rN:        It protects you from negative energy.
   Drain:     It drains your maximum health when unequipped.
Wands
 y - a wand of charming (7)
 C - a wand of flame (3)
 H - a wand of polymorph (12)
 K - a wand of roots (10)
Scrolls
 d - 7 scrolls of teleportation
 e - 3 scrolls of amnesia {unknown}
 j - 2 scrolls of vulnerability {unknown}
 k - 4 scrolls of immolation {unknown}
 l - 2 scrolls of fog {unknown}
 m - 3 scrolls of fear {unknown}
 t - 3 scrolls of enchant armour {unknown}
 v - 4 scrolls of noise {unknown}
 D - 5 scrolls of identify {unknown}
 J - a scroll of torment {unknown}
 L - a scroll of brand weapon {unknown}
Potions
 h - 2 potions of lignification {unknown}
 i - a potion of invisibility {unknown}
 n - 2 potions of might {unknown}
 q - 3 potions of flight {unknown}
 x - 2 potions of brilliance {unknown}
 A - 2 potions of haste {unknown}
 B - 2 potions of curing {unknown}
 I - a potion of ambrosia {unknown}
 M - a potion of attraction {unknown}


   Skills:
 + Level 5.3 Fighting
 * Level 6.1 Maces & Flails
 + Level 5.0 Throwing
 + Level 5.4 Dodging
 * Level 10.2 Stealth
 - Level 2.0 Unarmed Combat
 + Level 5.0 Spellcasting
 + Level 6.1 Translocations
 + Level 4.5 Invocations


You had 12 spell levels left.
You knew the following spells:

 Your Spells              Type           Power      Damage    Failure   Level
a - Blink                 Tloc           76%        N/A       1%          2
b - Lesser Beckoning      Tloc           76%        N/A       1%          2
c - Teleport Other        Tloc           38%        N/A       1%          3

Your spell library contained the following spells:

 Spells                   Type           Power      Damage    Failure   Level
 Manifold Assault         Tloc           38%        N/A       6%          4
 Vhi's Electric Charge    Tloc/Air       44%        N/A       7%          3
 Ozocubu's Armour         Ice            6%         N/A       22%         3
 Arcjolt                  Conj/Air       3%         1d13      91%         5
 Ozocubu's Refrigeration  Ice            3%         4d8       100%        7
 Maxwell's Capacitive Co  Air            3%         ∞         100%        8


Dungeon Overview and Level Annotations

Branches:
Dungeon (9/15)             Temple (1/1) D:6
   Lair: D:8-11         Orc: D:9-12

Altars:
Ashenzari
Cheibriados
Dithmenos
Elyvilon
Fedhas
Gozag
Hepliaklqana
Kikubaaqudgha
Makhleb
Nemelex Xobeh
Okawaru
Qazlal
Ru
Sif Muna
Trog
Uskayaw
Vehumet
Wu Jian
Xom
Yredelemnul
The Shining One

Shops:
D:3 (   D:9 (

Annotations:
D:3 2 runed translucent doors, superbruh's ghost, amateur FoFi
D:6 2 transporters, BrigandRavn's ghost, amateur FoHu


Innate Abilities, Weirdness & Mutations

You cannot wear most types of armour.
You are amphibious.
You can wear up to eight rings at the same time.
Your skin changes colour to match your surroundings (Stealth+).
Your rubbery body absorbs attacks. (AC +1, EV +1)
((You are camouflaged when in or above water. (Stealth+)))
You have tentacles for arms and can constrict up to eight enemies at once.


Message History

Press: ? - help, Shift-Dir - straight line, f - cyclops
Aim: a cyclops, quivering large rocks (wandering, hasn't noticed you, 88% to hit, chance to blind on hit: 51%)
You throw an atropa-tipped dart.
The atropa-tipped dart hits the cyclops!
The cyclops appears confused.
The cyclops shouts!
Throw: 5 boomerangs
Press: ? - help, Shift-Dir - straight line, f/p - cyclops
Aim: a cyclops, quivering large rocks (confused, blind, 94% to hit)
You throw a boomerang. The boomerang hits the cyclops!
The cyclops is lightly wounded.
Throw: 5 boomerangs
Press: ? - help, Shift-Dir - straight line, f/p - cyclops
Aim: a cyclops, quivering large rocks (lightly wounded, confused, blind, 94% to hit)
You throw a boomerang.
The boomerang hits the cyclops but does no damage.
The cyclops is lightly wounded.
The cyclops seems less confused.
The cyclops throws a large rock.
The large rock completely misses you.
Throw: 5 boomerangs
Press: ? - help, Shift-Dir - straight line, f/p - cyclops
Aim: a cyclops, quivering large rocks (lightly wounded, blind, 88% to hit)
You throw a boomerang. The boomerang hits the cyclops.
The cyclops is moderately wounded.
The cyclops throws a large rock.
The large rock hits you!!
Throw: 5 boomerangs
Press: ? - help, Shift-Dir - straight line, f/p - cyclops
Aim: a cyclops, quivering large rocks (moderately wounded, blind, 88% to hit)
You throw a boomerang.
The boomerang hits the cyclops but does no damage.
The cyclops is moderately wounded.
Throw: 5 boomerangs
Press: ? - help, Shift-Dir - straight line, f/p - cyclops
Aim: a cyclops, quivering large rocks (moderately wounded, blind, 88% to hit)
You throw a boomerang. The boomerang hits the cyclops!
The cyclops is heavily wounded.
The cyclops is no longer blind.
The cyclops throws a large rock.
The large rock hits you!!!
Ouch! That really hurt!
You die...

..# #................# #......#.#
..###.#.#..#.#.#.##### #......#.#
..#........... ####.#....
..#'#..#.#.#..## #...#.#.#
................ ##.###.#..
.....#.#........ ##..# #.###
..........C..... ###..## #....
................#####...#########
.....#.#######..@................
.....#...†.# #....###.###########
.....#####.# ##.#.##..###########
.....# .# #..................
.....# .######.##.############
.....# ..............#
.....############...###.#
..................>.# #.#
###.###################)#


You could see a cyclops.

Vanquished Creatures
  A two-headed ogre (D:9)
  Pikel (D:7)
  Grinder (D:3)
  Sigmund (D:3)
  5 yaks (D:9)
  A wyvern (D:9)
  Menkaure (D:6)
  An orc warrior (D:8)
  A water moccasin (D:7)
  3 black bears
  2 ogres (D:5)
  4 centaurs
  3 kobold brigands
  2 lemures (D:7)
  A phantom (D:6)
  3 bullfrogs
  A gnoll sergeant (D:7)
  2 scorpions
  3 wights (D:8)
  6 killer bees (D:8)
  2 jellies
  2 howler monkeys (D:9)
  5 orc priests
  Crazy Yiuf (D:6)
  2 hounds
  2 iguanas
  Ijyb (D:4)
  4 orc wizards
  Terence (D:3)
  A mummy (D:3)
  Robin (D:3)
  7 adders
  9 gnolls
  A shadow imp (D:6)
  2 white imps
  2 worms
  2 dart slugs
  23 orcs
  6 endoplasms
  A giant cockroach (D:1)
  21 goblins
  13 hobgoblins
  4 quokkas
  7 ball pythons
  3 bats
  4 frilled lizards
  21 kobolds
  6 rats
197 creatures vanquished.

Vanquished Creatures (others)
  2 fungi (D:6)
  A plant (D:2)
3 creatures vanquished.

Grand Total: 200 creatures vanquished

Notes
Turn   | Place    | Note
-------+----------+-------------------------------------------
     0 | D:1      | BlueFish the Octopode Warper began the quest for the Orb.
     0 | D:1      | Reached XP level 1. HP: 14/14 MP: 3/3
    75 | D:1      | Reached skill level 1 in Stealth
    85 | D:1      | Reached XP level 2. HP: 18/19 MP: 5/5
   114 | D:1      | Learned a level 2 spell: Blink
   117 | D:1      | Learned a level 2 spell: Lesser Beckoning
   660 | D:2      | Reached skill level 2 in Stealth
   660 | D:2      | Reached XP level 3. HP: 24/24 MP: 6/6
  1023 | D:2      | Reached XP level 4. HP: 17/30 MP: 7/7
  1247 | D:2      | Found a faded altar of an unknown god.
  1404 | D:3      | Noticed Grinder
  1414 | D:3      | Paralysed by Grinder for 4 turns
  1420 | D:3      | Paralysed by Grinder for 3 turns
  1429 | D:3      | Paralysed by Grinder for 2 turns
  1435 | D:3      | Killed Grinder
  1436 | D:3      | Reached skill level 4 in Stealth
  1436 | D:3      | Reached XP level 5. HP: 18/36 MP: 7/9
  1436 | D:3      | Reached XP level 6. HP: 21/41 MP: 7/10
  1445 | D:3      | Learned a level 3 spell: Teleport Other
  1518 | D:3      | Noticed Terence
  1520 | D:3      | Found Dobijena's Weapon Shoppe.
  1527 | D:3      | Killed Terence
  1917 | D:3      | Found a snail-covered altar of Cheibriados.
  1952 | D:3      | Became a worshipper of Cheibriados the Contemplative
  2057 | D:3      | Found a large runed translucent door.
  2057 | D:3      | Found a large runed translucent door.
  2062 | D:3      | Noticed superbruh's ghost (amateur FoFi)
  2064 | D:3      | Noticed Sigmund
  2135 | D:3      | Noticed Robin
  2164 | D:3      | Killed Robin
  2167 | D:3      | Reached * piety under Cheibriados
  2708 | D:3      | Killed Sigmund
  2709 | D:3      | Reached skill level 1 in Maces & Flails
  2709 | D:3      | Reached skill level 5 in Stealth
  2709 | D:3      | Reached XP level 7. HP: 46/46 MP: 11/11
  2803 | D:4      | Found a sparkling altar of Nemelex Xobeh.
  2839 | D:4      | Reached skill level 1 in Invocations
  3536 | D:4      | Noticed Ijyb
  3552 | D:4      | Killed Ijyb
  3552 | D:4      | Reached ** piety under Cheibriados
  3716 | D:5      | Entered Level 5 of the Dungeon
  3716 | D:5      | Found a radiant altar of Vehumet.
  3724 | D:5      | Reached XP level 8. HP: 44/45 MP: 12/12
  3782 | D:5      | Reached skill level 6 in Stealth
  4159 | D:5      | Found a shadowy altar of Dithmenos.
  4251 | D:5      | Found an ornate altar of the Wu Jian Council.
  5081 | D:6      | Found a transporter.
  5086 | D:6      | Reached skill level 7 in Stealth
  5236 | D:6      | Identified the +0 cloak "Icwelul" {Dex+4}
  5346 | D:6      | Reached skill level 5 in Translocations
  5477 | D:6      | Found a transporter.
  5478 | D:6      | Noticed BrigandRavn's ghost (amateur FoHu)
  5478 | D:6      | Identified the +4 great mace of Reason {spect, rF+}
  5519 | D:6      | Reached XP level 9. HP: 27/58 MP: 14/14
  5634 | D:6      | Found a staircase to the Ecumenical Temple.
  5642 | Temple   | Entered the Ecumenical Temple
  5959 | D:6      | Found a runed translucent door.
  5960 | D:6      | Noticed Crazy Yiuf
  5980 | D:6      | Noticed Menkaure
  5991 | D:6      | Killed Menkaure
  6134 | D:6      | Killed Crazy Yiuf
  6169 | D:7      | Reached *** piety under Cheibriados
  6204 | D:7      | Identified the ring "Ollimase" {Drain rC+ rN+ Str+2}
  6379 | D:7      | Noticed Pikel
  6407 | D:7      | Killed Pikel
  6408 | D:7      | Reached skill level 8 in Stealth
  6885 | D:7      | Found a white marble altar of Elyvilon.
  7152 | D:7      | Found a blossoming altar of Fedhas.
  7188 | D:7      | Reached skill level 5 in Maces & Flails
  7491 | D:8      | Reached skill level 9 in Stealth
  7692 | D:8      | Reached XP level 10. HP: 34/65 MP: 16/16
  7806 | D:8      | Identified the +8 hand axe "Cafunn" {drain, rF+ Int+2}
  8012 | D:8      | Found a stormy altar of Qazlal.
  8020 | D:8      | Reached **** piety under Cheibriados
  8051 | D:8      | Reached skill level 5 in Dodging
  8164 | D:8      | Found a hazy altar of Hepliaklqana.
  8601 | D:9      | Found a shimmering altar of Xom.
  8661 | D:9      | Noticed a centaur warrior
  8662 | D:9      | Noticed a cyclops
  8665 | D:9      | Reached skill level 5 in Fighting
  8666 | D:9      | Noticed a two-headed ogre
  8696 | D:9      | Found Kaym Punea's Antique Weapon Emporium.
  8729 | D:9      | HP: 3/66 [yak (12)]
  8738 | D:9      | Reached ***** piety under Cheibriados
  9133 | D:9      | Found a bloodstained altar of Trog.
  9169 | D:9      | Killed a two-headed ogre
  9170 | D:9      | Reached skill level 5 in Throwing
  9170 | D:9      | Reached skill level 10 in Stealth
  9170 | D:9      | Reached skill level 5 in Spellcasting
  9207 | D:9      | Hit by a large rock thrown by a cyclops

Illustrated notes

Levels and vault maps discovered:
D:1:      dpeg_arrival_stonehenge_8_columns, layout_loops_ring,
          dreamdust_mushroom_princess
D:2:      layout_rooms, shapermc_ecumenical_altar_mp_urbaneastern,
          kennysheep_donut, kennysheep_decorative_pillar, hex_tiny
D:3:      layout_basic, slow_altar_1, ebering_ghost_disaster_area, serial_shops,
          shop, st_stairs_8, uniq_grinder, uniq_terence, uniq_robin,
          uniq_sigmund
D:4:      kennysheep_the_goblin_king, layout_basic, nemelex_spade_bored_becter,
          cheibrodos_sewer_entry_bend
D:5:      layout_loops_corners, mainiacjoe_overflow_catch_the_wave,
          vehumet_altar_wand_db
D:6:      layout_cave_pools, minmay_temple_entry_glassed_door,
          gammafunk_ghost_smash, uniq_crazy_yiuf_cottage, uniq_menkaure
D:7:      layout_loops_corners, mainiacjoe_overflow_boulevard,
          kennysheep_little_box, minmay_misc_feat_cross, uniq_pikel
D:8:      layout_basic, gammafunk_temple_overflow_statue
D:9:      layout_basic, bloody_trog, marbit_many_paths, serial_shops,
          nicolae_shop_hallway_plus, hangedman_decor_points, minmay_checkerbox
Temple:   jpeg_temple_alley_garden

Skill      XL: |  1  2  3  4  5  6  7  8  9 10 |
---------------+-------------------------------+-----
Stealth        | 1 2 4 5 7 9 10 | 10.2
Throwing       | 2 3 4 5 |  5.0
Dodging        | 3 4 5 |  5.4
Fighting       | 3 4 5 |  5.3
Translocations | 4 5 6 |  6.1
Maces & Flails | 1 2 3 5 6 |  6.1
Spellcasting   | 3 4 5 |  5.0
Invocations    | 1 2 3 4 |  4.5
Unarmed Combat | |  2.0

Action                     |  1- 3 |  4- 6 |  7- 9 | 10-12 || total
---------------------------+-------+-------+-------+-------++-------
  Melee: Unarmed           |    13 |       |    14 |       ||    27
         Constrict         |    15 |    26 |    61 |    10 ||   112
         Tentacles         |    13 |    22 |    47 |    17 ||    99
         Short sword       |     3 |       |       |       ||     3
         Club              |    13 |       |       |       ||    13
         Whip              |    40 |    43 |       |       ||    83
         Punch             |     2 |     3 |    10 |     1 ||    16
         Flail             |       |    48 |   221 |    84 ||   353
  Throw: Stone             |       |     4 |       |     1 ||     5
         Dart              |       |     2 |       |     4 ||     6
         Boomerang         |       |       |       |    14 ||    14
   Cast: Blink             |       |       |       |     1 ||     1
  Evoke: Wand              |       |       |     1 |       ||     1
    Use: Potion            |       |       |     2 |     1 ||     3
         Scroll            |       |       |     1 |     3 ||     4
   Stab: Sleeping          |    10 |     7 |    22 |     3 ||    42
         Distracted        |       |     1 |       |       ||     1
 Armour: Skin              |     2 |    17 |    74 |    16 ||   109
  Dodge: Dodged            |    37 |    61 |   222 |    81 ||   401

Table legend: (Time is in decaauts)
 A = Elapsed time spent in this place.
 B = Non-inter-level travel time spent in this place.
 C = Inter-level travel time spent in this place.
 D = Time resting spent in this place.
 E = Time spent auto-exploring this place.
 F = Levels seen in this place.
 G = Mean time per level.
                   A        B        C        D        E       F      G
               +--------+--------+--------+--------+--------+-----+--------+
         Total |  11943 |  11599 |    344 |     78 |   8541 |  10 | 1194.3 |
       Dungeon |  11580 |  11318 |    262 |     78 |   8292 |   9 | 1286.7 |
        Temple |    363 |    282 |     81 |      0 |    249 |   1 |  363.0 |
               +--------+--------+--------+--------+--------+-----+--------+

Top non-repeatable levels by time:
     D:5: 1737 daAuts
     D:3: 1680 daAuts
     D:8: 1659 daAuts
     D:7: 1574 daAuts
     D:4: 1275 daAuts
     D:9: 1179 daAuts
     D:6: 1168 daAuts
     D:2: 674 daAuts
     D:1: 629 daAuts
  Temple: 363 daAuts
